 Dungeon Crawl Stone Soup version 0.28-a0-657-g71136c5590 (webtiles) character file.

Game seed: 9690002476236564305

0 lawman0 the Covert (level 1, 0/23 HPs)
             Began as a Gnoll Delver on Oct 13, 2021.
             Was an Initiate of Elyvilon.
             Slain by a gnoll shaman (7 damage)
             ... on level 4 of the Dungeon.
             The game lasted 00:00:48 (112 turns).

lawman0 the Covert (Gnoll Delver)                    Turns: 112, Time: 00:00:48

Health: 0/23       AC:  3    Str: 11    XL:     1   Next: 10%
Magic:  1/1        EV: 13    Int:  9    God:    Elyvilon [......]
Gold:   34         SH:  0    Dex: 13    Spells: 0/0 levels left

rFire   . . .      SeeInvis .   a - +0 mace
rCold   . . .      Faith    .   (no shield)
rNeg    . . .      Spirit   .   b - +0 leather armour
rPois   .          Reflect  .   (no helmet)
rElec   .          Harm     .   (no cloak)
rCorr   .          Rampage  .   (no gloves)
Will    .....                   (no boots)
Stlth   ++........              (no amulet)
HPRegen 0.07/turn               (no ring)
MPRegen 0.07/turn               (no ring)

@: lit by a corona, hasted, glowing, very quick
A: fangs 1, strong nose, distributed training
a: Renounce Religion


You were on level 4 of the Dungeon.
You worshipped Elyvilon.
Elyvilon was noncommittal.
You visited 1 branch of the dungeon, and saw 2 of its levels.

You collected 34 gold pieces.

Inventory:

Hand Weapons
 a - a +0 mace (weapon)
Armour
 b - a +0 leather armour (worn)
Wands
 g - a wand of digging (3)
Scrolls
 c - a scroll of fog
 d - a scroll of enchant weapon {unknown}
 e - a scroll of fear


   Skills:
 + Level 6.4 Fighting
 + Level 0.0 Short Blades
 + Level 0.0 Long Blades
 + Level 0.0 Axes
 + Level 4.4 Maces & Flails
 + Level 0.0 Polearms
 + Level 0.0 Staves
 + Level 0.0 Slings
 + Level 0.0 Bows
 + Level 0.0 Crossbows
 + Level 0.0 Throwing
 + Level 0.0 Armour
 + Level 4.4 Dodging
 + Level 9.5 Stealth
 + Level 0.0 Shields
 + Level 0.0 Unarmed Combat
 + Level 0.0 Spellcasting
 + Level 0.0 Conjurations
 + Level 0.0 Hexes
 + Level 0.0 Summonings
 + Level 0.0 Necromancy
 + Level 0.0 Translocations
 + Level 0.0 Transmutations
 + Level 0.0 Fire Magic
 + Level 0.0 Ice Magic
 + Level 0.0 Air Magic
 + Level 0.0 Earth Magic
 + Level 0.0 Poison Magic
 + Level 0.0 Invocations
 + Level 0.0 Evocations


You couldn't memorise any spells.
You didn't know any spells.
Your spell library was empty.

Dungeon Overview and Level Annotations

Branches:
Dungeon (5/15)
 Temple: D:4-7

Altars:
Elyvilon
Hepliaklqana
Zin


Innate Abilities, Weirdness & Mutations

You have very sharp teeth.
Your uncanny sense of smell can sniff out nearby items.
Your experience applies equally to all skills.


Message History

The gnoll is heavily wounded.
The gnoll hits you with a +0 whip.
* * * LOW HITPOINT WARNING * * *
The gnoll shaman calls upon its god to heal the gnoll.
The gnoll's wounds heal themselves!
You are too injured to fight recklessly!
You hit the gnoll but do no damage. Your bite misses the gnoll.
You are too injured to fight recklessly!
You hit the gnoll shaman.
The gnoll shaman is moderately wounded.
You are too injured to fight recklessly!
You hit the gnoll shaman but do no damage.
The gnoll shaman is moderately wounded.
The gnoll shaman misses you.
The gnoll hits the bush but does no damage.
You are too injured to fight recklessly!
You hit the gnoll shaman.
The gnoll shaman is severely wounded.
The gnoll shaman calls upon its god to speed up the gnoll.
The gnoll seems to speed up.
The gnoll hits the bush but does no damage.
You are too injured to fight recklessly!
You hit the gnoll shaman but do no damage.
The gnoll shaman is severely wounded.
The gnoll hits the bush but does no damage.
The gnoll shaman prays to its god.
The gnoll shaman is healed somewhat.
The gnoll hits the bush with a +0 whip.
The gnoll shaman mumbles some strange prayers to its god against you.
You are outlined in light.
Unknown command.
You feel yourself speed up.
The gnoll hits the bush with a +0 whip.
The gnoll shaman closely misses you.
The gnoll hits the bush with a +0 whip.
You hit the gnoll shaman.
The gnoll shaman is heavily wounded.
The gnoll hits the bush with a +0 whip.
You sock the gnoll shaman!
You bite the gnoll shaman, but do no damage.
The gnoll shaman is almost dead.
The gnoll shaman hits you with a +0 whip!
You die...

###### ##......##
#..P. ....# #P.P.
P...## #.P.♣♣ ....#
#.@P♣♣♣♣P..# ##
###ggP.♣P.. ..
##..P♣..#########
#...♣P.......g..
#.#.♣..#........
#.#.$..#.#......
#......P....#......
#.##.##.....#.#####
#......#.#.#


You could see a gnoll shaman and a gnoll (fast).

Vanquished Creatures
  A ball python (D:4)
1 creature vanquished.

Vanquished Creatures (others)
  2 plants (D:4)
2 creatures vanquished.

Grand Total: 3 creatures vanquished

Notes
Turn   | Place    | Note
-------+----------+-------------------------------------------
     0 | D:5      | Reached skill level 9 in Stealth
     0 | D:5      | lawman0 the Gnoll Delver began the quest for the Orb.
     0 | D:5      | Reached XP level 1. HP: 23/23 MP: 1/1
    37 | D:4      | Found a white marble altar of Elyvilon.
    39 | D:4      | Found a glowing silver altar of Zin.
    41 | D:4      | Became a worshipper of Elyvilon the Healer
    43 | D:4      | Noticed an ogre
    65 | D:4      | Noticed a gnoll shaman
    66 | D:4      | Found a hazy altar of Hepliaklqana.
   112 | D:4      | Slain by a gnoll shaman

Illustrated notes

Levels and vault maps discovered:
D:4:      layout_basic, nicolae_overflow_crystal_walls,
          grunt_temple_overflow_open, serial_forest,
          infiniplex_forest_clump_diagonal, infiniplex_forest_clump_tiny,
          infiniplex_forest_clump_medium, infiniplex_forest_straight_3,
          infiniplex_forest_clump_C, infiniplex_forest_clump_curved,
          infiniplex_forest_lined_1, infiniplex_forest_clump_cross,
          nicolae_ossuary_entry_ruins
D:5:      layout_basic, trog_hazing_becter, chequers_jeans, abandoned_shop

Skill      XL: | |
---------------+-+-----
Stealth        | |  9.5
Fighting       | |  6.4
Maces & Flails | |  4.4
Dodging        | |  4.4

Action                   || total
-------------------------++-------
Melee: Mace              ||    13
       Bite              ||     2
  Use: Scroll            ||     2
       Potion            ||     1
 Stab: Sleeping          ||     1
Dodge: Dodged            ||     7

Table legend: (Time is in decaauts)
 A = Elapsed time spent in this place.
 B = Non-inter-level travel time spent in this place.
 C = Inter-level travel time spent in this place.
 D = Time resting spent in this place.
 E = Time spent auto-exploring this place.
 F = Levels seen in this place.
 G = Mean time per level.
                   A        B        C        D        E       F      G
               +--------+--------+--------+--------+--------+-----+--------+
         Total |    113 |    113 |      0 |      0 |      0 |   2 |   56.5 |
       Dungeon |    113 |    113 |      0 |      0 |      0 |   2 |   56.5 |
               +--------+--------+--------+--------+--------+-----+--------+

Top non-repeatable levels by time:
     D:4: 76 daAuts
     D:5: 37 daAuts
